 Dungeon Crawl Stone Soup version 0.26-a0-837-g5a8a614f01 (webtiles) character file.

Game seed: 15440056362179280970

190 Morbidden the Sneak (level 5, 39/39 HPs)
             Began as a Demonspawn Brigand on Nov 18, 2020.
             Quit the game on level 2 of the Dungeon.
             The game lasted 00:01:11 (1625 turns).

Morbidden the Sneak (Demonspawn Brigand)            Turns: 1625, Time: 00:01:12

Health: 39/39      AC:  3    Str: 11    XL:     5   Next: 41%
Magic:  5/5        EV: 12    Int: 14    God:
Gold:   36         SH:  0    Dex: 14    Spells: 4/4 levels left

rFire    . . .     SeeInvis .     - Unarmed
rCold    . . .     Faith    .   (no shield)
rNeg     . . .     Spirit   .   b - +0 robe
rPois    .         Reflect  .   (helmet restricted)
rElec    .         Harm     .   c - +0 cloak
rCorr    .         Rampage  .   (no gloves)
MR       .....                  (no boots)
Stlth    +++.......             (no amulet)
HPRegen  0.13/turn              (no ring)
MPRegen  0.09/turn              (no ring)

@: no status effects
A: antennae 1, claws 1, powered by death 1
a: no special abilities


You were on level 2 of the Dungeon.
You visited 1 branch of the dungeon, and saw 2 of its levels.

You collected 36 gold pieces.

Inventory:

Missiles
 d - 6 poisoned darts (quivered)
Armour
 b - a +0 robe (worn)
 c - a +0 cloak (worn)
Scrolls
 a - 2 scrolls of remove curse {unknown}
 g - 4 scrolls of immolation {unknown}
 h - a scroll of identify {unknown}
 k - a scroll of noise {unknown}
 l - a scroll of enchant weapon {unknown}
 m - a scroll of random uselessness {unknown}
 o - 3 scrolls of fog {unknown}
Potions
 f - a potion of curing {unknown}
 i - a potion of invisibility {unknown}
 j - a potion of lignification {unknown}
 n - a potion of might {unknown}


   Skills:
 * Level 2.7 Fighting
 + Level 2.0 Short Blades
 + Level 2.2 Throwing
 * Level 1.9 Dodging
 + Level 4.9 Stealth
 * Level 2.0 Unarmed Combat


You had 4 spell levels left.
You didn't know any spells.
Your spell library was empty.

Dungeon Overview and Level Annotations

Branches:
Dungeon (2/15)

Altars:


Innate Abilities, Weirdness & Mutations

You have a pair of small antennae on your head.
You have sharp fingernails.
You regenerate a little health from kills.


Message History

A frilled lizard comes into view.
Unknown command.
Throwing (i - inventory)
d - 7 poisoned darts (quivered)
Press: ? - help, Shift-Dir - straight line, f/p - Sigmund
Aim: Sigmund, wielding a +2 scythe of protection and wearing a +2 robe of cold resistance (almost dead, extremely poisoned, slow)
You throw a poisoned dart.
The poisoned dart closely misses Sigmund.
The frilled lizard hisses angrily.
You kill Sigmund!
Your Short Blades skill increases to level 2!
Your Throwing skill increases to level 2!
Your Unarmed Combat skill gained 2 levels and is now at level 2!
You have reached level 4!
You feel clever.
Your demonic ancestry asserts itself...
A pair of antennae grows on your head!
You have reached level 5!
Your demonic ancestry asserts itself...
A wave of death washes over you.
Unknown command.
Are you sure you want to abandon this character and quit the game? (Confirm with "yes".)

............
.......... ..(
#.......#+#(...
#(........#(.l.
#.....##...)...
#.............
#....#........
+........#
#......@.#
#....#...#
+........#
#........#
+........#
##........#
#.........#######
+.....<.........#
#...............#


You could see a frilled lizard.

Vanquished Creatures
  Sigmund (D:2)
  An adder (D:2)
  An ooze (D:1)
  3 bats (D:1)
  3 giant cockroaches (D:1)
  2 hobgoblins (D:1)
  3 frilled lizards
  A goblin (D:1)
  2 kobolds (D:1)
  2 rats (D:1)
19 creatures vanquished.

Notes
Turn   | Place    | Note
-------+----------+-------------------------------------------
     0 | D:1      | Morbidden the Demonspawn Brigand began the quest for the
                  | Orb.
     0 | D:1      | Reached XP level 1. HP: 16/16 MP: 1/1
   110 | D:1      | Reached skill level 1 in Dodging
   451 | D:1      | Gained mutation: You have sharp fingernails. [demonic
                  | ancestry]
   451 | D:1      | Reached XP level 2. HP: 22/22 MP: 2/2
   624 | D:1      | Reached skill level 4 in Stealth
  1171 | D:2      | Reached XP level 3. HP: 13/27 MP: 3/3
  1611 | D:2      | Noticed Sigmund
  1624 | D:2      | Killed Sigmund
  1625 | D:2      | Gained mutation: You have a pair of small antennae on your
                  | head. [demonic ancestry]
  1625 | D:2      | Reached XP level 4. HP: 34/34 MP: 4/4
  1625 | D:2      | Gained mutation: You regenerate a little health from kills.
                  | [demonic ancestry]
  1625 | D:2      | Reached XP level 5. HP: 39/39 MP: 5/5
  1625 | D:2      | Quit the game

Illustrated notes

Levels and vault maps discovered:
D:1:      minmay_arrival_up_and_down, layout_basic, st_stairs_9
D:2:      layout_basic, nicolae_ru_awakened_eye, minmay_pentomino_w2,
          uniq_sigmund

Skill      XL: |  1  2  3 |
---------------+----------+-----
Dodging        | 1 |  1.9
Stealth        | 4 |  4.9
Short Blades   | 2 |  2.0
Throwing       | 2 |  2.2
Unarmed Combat | 2 |  2.0
Fighting       | |  2.7

Action                   |  1- 3 |  4- 6 || total
-------------------------+-------+-------++-------
Melee: Dagger            |    20 |       ||    20
       Unarmed           |    41 |       ||    41
Throw: Dart              |     7 |       ||     7
 Stab: Sleeping          |     7 |       ||     7
Armor: Robe              |    13 |       ||    13
Dodge: Dodged            |    32 |       ||    32

Table legend: (Time is in decaauts)
 A = Elapsed time spent in this place.
 B = Non-inter-level travel time spent in this place.
 C = Inter-level travel time spent in this place.
 D = Time resting spent in this place.
 E = Time spent auto-exploring this place.
 F = Levels seen in this place.
 G = Mean time per level.
                   A        B        C        D        E       F      G
               +--------+--------+--------+--------+--------+-----+--------+
         Total |   1622 |   1582 |     40 |    418 |   1005 |   2 |  811.0 |
       Dungeon |   1622 |   1582 |     40 |    418 |   1005 |   2 |  811.0 |
               +--------+--------+--------+--------+--------+-----+--------+

Top non-repeatable levels by time:
     D:1: 1155 daAuts
     D:2: 467 daAuts
